AoeStats
← AOKI_GworK

Nomad

503478542Analyzed
4v4 RM · 1mo ago on Aug 31, 2026· 46m 42s· 8 players
Game mode
Random Map
Map size
231×231
Population
200
Speed
Normal
Resources
Standard
Victory
Conquest
Starting age
Dark Age
Ending age
Imperial Age
RankedLock teamsTeams togetherTeam positionsShared explorationLock speedFull tech treeHidden civsTurbo modeCheats
Victory
Defeat
🇦🇷 Portuguese · Argentina
1932
+5
🇦🇷 Bohemians · Argentina
1713
+13
🇩🇪 Sicilians · Germany
1601
+18
🇦🇷 Koreans · Argentina
1549
+20
🇫🇷 Shu · France
1718
-17
🇫🇷 Tupi · France
1691
-16
🇫🇷 Mapuche · France
1680
-15
🇫🇷 Gurjaras · France
1455
-6
__72_KaN_Arg
4:39 Loom
13:08 Feudal Age
17:05 Castle Age
15:58 Double-Bit Axe
18:33 Bow Saw
19:34 Wheelbarrow
26:10 Town Watch
29:29 Horse Collar
36:01 Fletching
41:19 Imperial Age
39:34 Ballistics
40:22 Hand Cart
40:54 Wagenburg Tactics
41:50 Masonry
42:45 Bodkin Arrow
43:52 Chemistry
44:45 Padded Archer Armor
45:15 Elite Hussite Wagon
46:01 Bracer
46:40 Architecture
martincho
4:37 Loom
12:35 Feudal Age
18:11 Castle Age
17:18 Fletching
18:04 Double-Bit Axe
19:13 Bow Saw
21:30 Bodkin Arrow
24:27 Medium Warships
28:15 Horse Collar
29:43 Fishing Lines
31:26 Wheelbarrow
31:14 Gillnets
33:08 Heavy Plow
33:58 Ballistics
35:02 Hand Cart
36:06 Town Watch
37:20 Treadmill Crane
39:23 Elite Skirmisher
40:09 Thumb Ring
40:33 Masonry
40:14 Heated Shot
40:33 Eupseong
43:39 Imperial Age
42:20 Scale Mail Armor
42:30 Forging
42:22 Squires
42:07 Gambesons
42:24 Man-at-Arms
43:21 Chain Mail Armor
43:07 Gold Mining
43:14 Stone Mining
44:17 Iron Casting
43:04 Long Swordsman
44:34 Fortified Wall
44:19 Murder Holes
45:27 Chemistry
44:33 Bracer
44:54 Conscription
44:31 Two-Handed Swordsman
46:00 Plate Mail Armor
46:06 Iron Casting
46:01 Champion
Gary_zZ
9:00 Loom
11:09 Feudal Age
12:50 Fletching
16:58 Fishing Lines
18:15 Double-Bit Axe
22:54 Castle Age
21:10 Horse Collar
23:42 Bodkin Arrow
24:29 Bow Saw
32:20 Wheelbarrow
31:30 Town Watch
32:38 Gold Mining
37:37 Imperial Age
35:25 Stone Mining
39:27 Chemistry
39:39 Two-Man Saw
39:21 Siege Engineers
42:10 Conscription
44:13 Sappers
Schmandl
6:52 Loom
13:39 Feudal Age
16:24 Fletching
20:02 Wheelbarrow
19:25 Horse Collar
23:37 Scale Barding Armor
28:32 Double-Bit Axe
28:47 Double-Bit Axe
36:12 Castle Age
40:05 Chain Barding Armor
43:56 Forging
44:35 Bloodlines
45:17 Hand Cart
48:39 Imperial Age
45:40 Light Cavalry
46:20 Husbandry
47:30 Bow Saw
47:20 Heavy Plow
AOKI_GworK
12:14 Feudal Age
13:56 Loom
17:12 Castle Age
17:13 Double-Bit Axe
24:04 Wheelbarrow
28:20 Town Watch
30:37 Fishing Lines
34:58 Bow Saw
35:46 Horse Collar
38:43 Hand Cart
41:00 Imperial Age
38:45 Champi Runner
40:53 Scale Mail Armor
40:51 Pikeman
AOKI_Totor
4:41 Loom
12:45 Feudal Age
13:44 Double-Bit Axe
14:39 Fletching
16:18 Forging
16:19 Town Watch
20:30 Castle Age
19:18 Gold Mining
21:15 Bodkin Arrow
21:37 Medium Warships
21:55 Bow Saw
22:57 Wheelbarrow
23:55 Scale Mail Armor
25:00 Fishing Lines
36:07 Horse Collar
37:58 Masonry
42:43 Imperial Age
45:16 Chemistry
AOKI_Yo
11:32 Loom
13:46 Feudal Age
14:55 Double-Bit Axe
17:32 Castle Age
16:08 Gold Mining
18:42 Bow Saw
19:21 Fletching
19:56 Bodkin Arrow
21:35 Padded Archer Armor
23:23 Leather Archer Armor
34:12 Ballistics
38:13 Imperial Age
36:34 Wheelbarrow
36:08 Town Watch
38:05 Stone Mining
39:09 Hand Cart
39:01 Bracer
40:19 Chemistry
40:13 Elite Blackwood Archer
42:04 Conscription
42:21 Horse Collar
43:50 Onager
45:39 Curare
46:22 Heavy Plow
47:45 Hoardings
AOKI_bjorni
10:58 Loom
13:55 Feudal Age
41:59 Double-Bit Axe
45:29 Castle Age
46:32 Bloodlines
46:23 Husbandry
Connection lost

Rejoining the realm…

Still unreachable

The connection could not be restored.

Session expired

The server has moved on; the page needs a fresh start.